 Dungeon Crawl Stone Soup version 0.27.0-1-g7a089689b8 (webtiles) character file.

Game seed: 10180641024722228152

147 Malachi the Ruffian (level 5, -1/45 HPs)
             Began as a Naga Transmuter on Aug 12, 2021.
             Slain by a gnoll (7 damage)
             ... on level 2 of the Dungeon.
             The game lasted 00:03:50 (4156 turns).

Malachi the Ruffian (Naga Transmuter)               Turns: 4156, Time: 00:03:52

Health: -1/45      AC:  2    Str: 13    XL:     5   Next: 29%
Magic:  5/8        EV: 10    Int: 14    God:
Gold:   52         SH:  0    Dex: 11    Spells: 5/9 levels left

rFire    . . .     SeeInvis +     - Unarmed
rCold    . . .     Faith    .   (no shield)
rNeg     . . .     Spirit   .   a - +0 robe
rPois    +         Reflect  .   (no helmet)
rElec    .         Harm     .   (no cloak)
rCorr    .         Rampage  .   (no gloves)
Will     .....                  (no barding)
Stlth    ++........             (no amulet)
HPRegen  0.15/turn              (no ring)
MPRegen  0.11/turn              (no ring)

@: short of breath, very slow
A: AC +1, large, see invisible, deformed body, poison resistance, slowness 2,
spit poison 1, naga tail 1
a: Spit Poison


You were on level 2 of the Dungeon.
You visited 1 branch of the dungeon, and saw 2 of its levels.

You collected 52 gold pieces.

Inventory:

Hand Weapons
 b - a +0 short sword of speed
Armour
 a - a +0 robe (worn)
Scrolls
 c - a scroll of blinking
 d - a scroll of identify {unknown}
 e - a scroll of immolation {unknown}
Potions
 f - a potion of ambrosia {unknown}
 g - a potion of flight {unknown}


   Skills:
 + Level 2.1 Fighting
 + Level 2.4 Dodging
 + Level 2.3 Stealth
 + Level 4.1 Unarmed Combat
 + Level 2.5 Spellcasting
 + Level 2.1 Transmutations


You had 5 spell levels left.
You knew the following spells:

 Your Spells              Type           Power      Damage    Failure   Level
a - Beastly Appendage     Tmut           14%        N/A       10%         1
b - Spider Form           Tmut/Pois      2%         N/A       41%         3

Your spell library contained the following spells:

 Spells                   Type           Power      Damage    Failure   Level
 Wereblood                Tmut           7%         N/A       14%         2
 Ice Form                 Ice/Tmut       4%         N/A       82%         4


Dungeon Overview and Level Annotations

Branches:
Dungeon (2/15)

Altars:


Innate Abilities, Weirdness & Mutations

Your serpentine skin is tough. (AC +1)
You have supernaturally acute eyesight. (SInv)
Armour fits poorly on your strangely shaped body.
Your system is resistant to poisons. (rPois)
You cover ground very slowly.
You can spit poison.
You have a snake-like lower body.


Message History

You turn into a venomous arachnid creature.
Your +0 robe melds into your body.
You have got your breath back.
The gnoll completely misses you.
The gnoll hits you from afar with a +0 spear.
You hit the gnoll.
The gnoll is poisoned.
The gnoll is moderately wounded.
The gnoll barely misses you.
You completely miss the gnoll.
The gnoll is heavily wounded.
Your transformation is almost over.
The gnoll misses you.
You hit the gnoll but do no damage.
The gnoll looks as sick as possible!
The gnoll is heavily wounded.
The gnoll looks more healthy.
The gnoll closely misses you.
The gnoll hits you from afar with a +0 spear.
You hit the gnoll but do no damage.
The gnoll looks as sick as possible!
The gnoll is heavily wounded.
The gnoll hits you with a +0 flail!
The gnoll hits you from afar with a +0 spear!
* * * LOW HITPOINT WARNING * * *
Your magical contamination has completely faded away.
You bite the gnoll!
You kill the gnoll!
The gnoll misses you.
You barely miss the gnoll. The gnoll closely misses you. The gnoll misses you.
You hit the gnoll.
The gnoll is poisoned.
The gnoll is lightly wounded.
The gnoll completely misses you.
Your transformation has ended.
Your +0 robe unmelds from your body.
The gnoll hits you but does no damage.
Press: ? - help, Shift-Dir - straight line, f/p - gnoll
Aim: a gnoll, wielding a +0 spear (severely wounded)
The splash of poison hits the gnoll.
The gnoll is severely wounded.
The gnoll hits you with a +0 club.
* * * LOW HITPOINT WARNING * * *
The gnoll hits you from afar with a +0 spear!
You die...

#.######.........>.#..#.......#..
.....# #####...#####..#.......#..
#.##.# ##)........ #.......###
#.##.# #....[.####.##.##.###
#..#.# #....#.# #.......####
##.#.######.#.##.# ####.###...#
##.#)##.).)...##.# #.#.#.###.#
....)).###..####.# ##. #.##
....#.## ##.####@# #.# ##.#
###.#.# #.....g# ##.###.## #.#.#
##.####g######.#.#.###..
#.#..###..###.......##.##.....#
#.........)....####.#.###.###.#
##....##..###### ##..#.##.....#
.... #.. #..###.####### ...g #.##
##.# .##.# #..###.##


You could see 2 gnolls.

Vanquished Creatures
  Terence (D:2)
  Robin (D:2)
  A gnoll (D:2)
  4 adders
  4 dart slugs
  2 bats
  7 endoplasms
  A giant cockroach (D:1)
  12 goblins (D:2)
  4 hobgoblins
  4 jackals (D:1)
  A quokka (D:2)
  4 ball pythons (D:2)
  A frilled lizard (D:1)
  5 kobolds
  4 rats
56 creatures vanquished.

Vanquished Creatures (others)
  A plant (D:2)
1 creature vanquished.

Grand Total: 57 creatures vanquished

Notes
Turn   | Place    | Note
-------+----------+-------------------------------------------
     0 | D:1      | Malachi the Naga Transmuter began the quest for the Orb.
     0 | D:1      | Reached XP level 1. HP: 18/18 MP: 3/3
   606 | D:1      | Reached skill level 1 in Stealth
   714 | D:1      | Reached XP level 2. HP: 25/25 MP: 5/5
  1725 | D:1      | Reached XP level 3. HP: 9/31 MP: 6/6
  2787 | D:2      | Learned a level 3 spell: Spider Form
  2823 | D:2      | Noticed Terence
  2840 | D:2      | Killed Terence
  2841 | D:2      | Reached XP level 4. HP: 37/38 MP: 3/7
  2854 | D:2      | Noticed Robin
  3331 | D:2      | Killed Robin
  3593 | D:2      | Reached skill level 4 in Unarmed Combat
  3593 | D:2      | Reached XP level 5. HP: 18/45 MP: 8/8
  4156 | D:2      | Slain by a gnoll

Illustrated notes

Levels and vault maps discovered:
D:1:      dpeg_arrival_tiny_c, layout_basic
D:2:      layout_loops_cross, shapermc_ecumenical_altar_petra,
          minmay_shallow_snake_nest, uniq_crazy_yiuf_cottage, uniq_robin,
          uniq_terence

Skill      XL: |  1  2  3  4  5 |
---------------+----------------+-----
Stealth        | 1 2 |  2.3
Dodging        | 2 |  2.4
Unarmed Combat | 4 |  4.1
Fighting       | 2 |  2.1
Spellcasting   | |  2.5
Transmutations | |  2.1

Action                   |  1- 3 |  4- 6 || total
-------------------------+-------+-------++-------
Melee: Unarmed           |    98 |    74 ||   172
       Headbutt          |     8 |     6 ||    14
       Punch             |     1 |       ||     1
 Cast: Beastly Appendage |     7 |     5 ||    12
       Spider Form       |     1 |     1 ||     2
 Abil: Spit Poison       |    13 |    12 ||    25
  Use: Scroll            |     1 |       ||     1
Armor: Robe              |    21 |    17 ||    38
Dodge: Dodged            |    61 |    46 ||   107
